 Dungeon Crawl Stone Soup version 0.25-a0-258-g6d7e32a812 (webtiles) character file.

Game seed: 18323653747107568546, levelgen mode: deterministic

7 bmfx the Vexing (level 1, 0/11 HPs)
             Began as a Deep Elf Arcane Marksman on Dec 6, 2019.
             Slain by a hobgoblin
             ... wielding a +0 club
              (4 damage)
             ... on level 1 of the Dungeon.
             The game lasted 00:01:11 (700 turns).

bmfx the Vexing (Deep Elf Arcane Marksman)           Turns: 700, Time: 00:01:12

Health: 0/11       AC:  2    Str:  7    XL:     1   Next: 91%
Magic:  3/5        EV: 13    Int: 17    God:
Gold:   0          SH:  0    Dex: 15    Spells: 3/4 levels left

rFire    . . .     SeeInvis .   b - +0 club
rCold    . . .     Gourm    .   (no shield)
rNeg     . . .     Faith    .   a - +0 robe
rPois    .         Spirit   .   (no helmet)
rElec    .         Reflect  .   (no cloak)
rCorr    .         Harm     .   (no gloves)
MR       .....                  (no boots)
Stlth    +.........             (no amulet)
HPRegen  0.03/turn              (no ring)
MPRegen  0.09/turn              (no ring)

@: no status effects
A: no striking features
a: no special abilities


You were on level 1 of the Dungeon.
You were not hungry.

You visited 1 branch of the dungeon, and saw 1 of its levels.

Dungeon Overview and Level Annotations

Branches:
Dungeon (1/15)

Altars:

Annotations:
D:1 exclusions: hobgoblin and ooze


   Skills:
 - Level 0.7 Fighting
 + Level 2.2 Throwing
 - Level 2.4 Dodging
 + Level 2.0 Spellcasting
 + Level 4.2 Hexes


You had 3 spell levels left.
You knew the following spells:

 Your Spells              Type           Power        Failure   Level  Hunger
A - Corona                Hex            ###....      3%          1    #......

Your spell library contained the following spells:

 Spells                   Type           Power        Failure   Level  Hunger
 Slow                     Hex            ###.....     4%          2    ###....
 Inner Flame              Hex/Fire       #.......     24%         3    ###....
 Portal Projectile        Hex/Tloc       #.....       24%         3    ###....
 Cause Fear               Hex            ###.......   32%         4    #####..
 Leda's Liquefaction      Hex/Erth       #.........   63%         4    #####..

Action                   || total
-------------------------++-------
Melee: Club              ||    32
Throw: Javelin           ||     1
 Cast: Corona            ||    12
Armor: Robe              ||     7
Dodge: Dodged            ||    25

Skill      XL: |  1 |
---------------+----+-----
Spellcasting   | 2 |  2.0
Fighting       | |  0.7
Throwing       | |  2.2
Dodging        | |  2.4
Hexes          | |  4.2

Inventory:

Hand Weapons
 b - a +0 club (weapon)
Missiles
 c - 5 javelins (quivered)
 d - 2 throwing nets {!f}
Armour
 a - a +0 robe (worn)
Jewellery
 e - an uncursed ring of ice {unknown}
Scrolls
 j - a scroll of remove curse {unknown}
Potions
 h - a potion of curing {unknown}
 i - a potion of haste {unknown}
Comestibles
 f - 2 rations

......'..............###)........
.##...##.#'#............#...####.
.........#.##...........#...# #.
...#######.#######......'...# #.
...........# #.....##...#...# #.
#####..##### #.....##...#...####.
.......#######..........#........
####...##........g......#........
...#...##.......@.......#........
.8.###.##...........#...#........
.....#..............#...#........
.<.8.'..##########'##...#........
.....#..# #.#######.......
.8.###..# #...........#### ...#
...# ###########.# ####....# #.#
.....# #.#


You could see a hobgoblin.

Vanquished Creatures
  2 giant cockroaches (D:1)
  3 goblins (D:1)
  A bat (D:1)
6 creatures vanquished.

Levels and vault maps discovered:
D:1:      dpeg_arrival_simpleton_c, layout_basic


Message History

Aim: a hobgoblin, wielding a +0 club (hasn't noticed you, chance to defeat MR: 71%)
The hobgoblin shouts!
The hobgoblin barely resists.
Casting: Corona (safe; 3% risk of failure)
Confirm with . or Enter, or press ? or * to list all spells.
Aiming: Corona (safe; 3% risk of failure)
Press: ? - help, Shift-Dir - straight line, f/p - hobgoblin
Aim: a hobgoblin, wielding a +0 club (chance to defeat MR: 71%)
The hobgoblin is outlined in light.
You hit the hobgoblin but do no damage. The hobgoblin barely misses you.
You hit the hobgoblin but do no damage. The hobgoblin hits you with a +0 club.
You are too injured to fight recklessly!
You are too injured to fight recklessly!
You hit the hobgoblin.
The hobgoblin is moderately wounded.
The hobgoblin hits you with a +0 club.
You hit the hobgoblin but do no damage.
The hobgoblin is moderately wounded.
The hobgoblin hits you with a +0 club.
You die...

Notes
Turn   | Place    | Note
-------+----------+-------------------------------------------
     0 | D:1      | bmfx the Deep Elf Arcane Marksman began the quest for the
                  | Orb.
     0 | D:1      | Reached XP level 1. HP: 11/11 MP: 5/5
   700 | D:1      | Slain by a hobgoblin
